Map: Newkirk Precinct TE (Void)

Players

Musumeci

  • Race: Zerg Zerg
  • League: Diamond
  • Spawn Location: 7:00

Mark - Winner!

  • Race: Terran Terran
  • League: Diamond
  • Spawn Location: 5:00

VOD

Have the link to the VOD?

Description

Time

  • Played on: Feb. 15, 2017, 8:53 a.m.
  • Length: 24:09
Show
View Real Time Build Order
Export as new Build Order

Musumeci Zerg 

Build Orders: Hatch First 

Get SALT Encoding   

  12  0:00  Drone  
  13  0:08  Drone  
  14  0:14  Extractor  
  14  0:16  Drone  
  15  0:41  Hatchery  
  14  0:46  Extractor  
  14  0:47  Drone  
  15  1:12  Spawning Pool  
  15  1:13  Extractor x2  
  12  1:19  Drone x2  
  12  1:22  Extractor, Overlord  
  15  1:33  Extractor  
  15  1:47  Drone x2  
  15  1:51  Extractor  
  16  1:58  Queen x2  
  20  2:02  Drone  
  20  2:07  Extractor  
  21  2:08  Drone  
  21  2:15  Drone x2  
  23  2:21  Drone  
  26  2:23  Extractor  
  26  2:26  Overlord  
  25  2:34  Queen  
  27  2:43  Extractor  
  27  2:45  Queen  
  27  2:47  Drone  
  27  2:48  Drone  
  27  2:50  Drone  
  32  2:53  Drone  
  32  2:56  Drone  
  32  2:58  Drone  
  35  2:59  Extractor  
  35  3:09  Drone  
  36  3:16  Extractor  
  36  3:24  Extractor  
  35  3:28  Extractor  
  35  3:30  Drone  
  35  3:31  Overlord  
  36  3:34  Overlord  
  36  3:36  Overlord  
  36  3:38  Extractor  
  36  3:49  Evolution Chamber  
  36  3:50  Roach Warren  
  36  3:51  Evolution Chamber  
  33  4:07  Drone x4  
  33  4:08  Drone, Overlord x2  
  38  4:13  Hatchery  
  37  4:32  Roach x4  
  37  4:33  Roach  
  43  5:00  Drone x6  
  43  5:04  Evolution Chamber  
  48  5:14  Ravager x2  
  50  5:21  Drone  
  50  5:22  Drone x3  
  50  5:24  Extractor  
  50  5:25  Lair  
  50  5:27  Queen  
  50  5:28  Drone  
  56  5:32  Ravager x3  
  56  5:33  Roach x2  
  63  5:36  Queen  
  65  5:55  Ravager  
  66  5:57  Drone x4  
  66  5:58  Extractor  
  66  6:00  Drone x3  
  66  6:01  Drone x2  
  66  6:03  Extractor  
  73  6:06  Zerg Missile Weapons Level 1  
  67  6:24  Roach x7  
  74  6:30  Queen x2  
  78  6:47  Ravager x2  
  78  6:53  Ravager  
  68  7:33  Drone x13  
  81  7:50  Drone  
  82  7:52  Extractor  
  82  7:53  Glial Reconstitution, Zerg Ground Armor Level 1  
  82  7:55  Overlord x6  
  81  8:00  Drone  
  82  8:30  Roach x10  
  82  8:31  Roach  
  104  8:37  Zerg Missile Weapons Level 2  
  104  8:51  Roach x3  
  104  8:52  Roach x3  
  104  8:53  Hatchery, Overlord x4  
  115  9:08  Hatchery  
  114  9:13  Infestation Pit, Ravager x6  
  114  9:14  Ravager  
  96  9:46  Roach x16  
  96  9:47  Roach x5  
  96  9:51  Ravager x3  
  118  10:05  Drone x12  
  130  10:09  Zerg Ground Armor Level 2  
  130  10:14  Hive  
  130  10:18  Drone  
  130  10:19  Drone x3  
  130  10:21  Extractor  
  133  10:22  Ravager x2  
  135  10:30  Overlord x2  
  135  10:31  Overlord x3  
  135  10:37  Ravager x2  
  135  10:38  Ravager  
  138  10:49  Ravager x2  
  140  11:01  Drone x3, Extractor  
  140  11:02  Drone x3, Extractor  
  144  11:05  Drone  
  144  11:06  Drone x2  
  147  11:25  Extractor  
  144  11:38  Ravager  
  144  11:39  Ravager  
  146  11:41  Ravager x2  
  146  11:42  Ravager  
  149  11:53  Ravager x4  
  142  11:54  Roach  
  142  11:55  Roach x21  
  142  11:56  Roach x2  
  169  12:16  Roach x5  
  169  12:17  Roach x5  
  169  12:18  Ravager x3  
  159  12:38  Roach  
  159  12:39  Roach x14  
  170  12:45  Ravager x3  
  170  12:50  Roach x5  
  180  13:01  Ravager x3  
  180  13:02  Ravager  
  169  13:26  Zerg Ground Armor Level 3, Extractor, Zerg Missile Weapons Level 3  
  168  13:27  Hatchery  
  168  13:30  Extractor  
  166  13:34  Roach  
  166  13:35  Roach x11  
  188  13:46  Ravager x3  
  133  14:05  Ravager x3  
  133  14:06  Ravager x4  
  135  14:14  Ravager x3  
  107  14:25  Roach x12  
  106  14:33  Roach x7  
  106  14:34  Roach  
  123  14:45  Ravager  
  123  14:46  Ravager x2  
  123  14:47  Ravager  
  123  14:51  Ravager  
  126  14:57  Ravager x2  
  124  15:12  Ravager x4  
  109  15:34  Roach x21  
  142  15:40  Ravager  
  119  16:05  Ravager x7  
  126  16:20  Hatchery  
  126  16:22  Ravager x3  
  126  16:23  Ravager  
  129  16:31  Spire  
  128  16:35  Hatchery, Extractor  
  128  16:37  Roach  
  128  16:38  Roach x5  
  128  16:39  Extractor  
  97  17:09  Roach x21  
  97  17:10  Roach x4  
  132  17:39  Drone  
  132  17:43  Extractor  
  132  17:44  Ravager  
  132  17:45  Extractor, Ravager x8  
  140  17:54  Drone  
  140  17:57  Ravager x4  
  145  18:09  Ravager x3  
  146  18:19  Roach x4  
  159  18:20  Roach x10  
  149  18:46  Ravager x9  
  139  19:23  Roach x14  
  139  19:24  Roach x8  
  135  19:35  Roach x7  
  149  19:38  Roach  
  149  19:39  Roach x7  
  167  19:45  Roach  
  167  19:46  Roach x13  
  167  19:49  Metabolic Boost  
  167  19:51  Zerg Melee Weapons Level 1  
  193  19:54  Ravager x5  
  198  20:05  Ravager x2  
  117  20:46  Zergling x32  
  134  20:50  Ravager x12  
  134  20:53  Roach x12  
  169  20:59  Spore Crawler  
  169  21:00  Spore Crawler  
  169  21:01  Drone, Spore Crawler x2  
  169  21:02  Spore Crawler  
  169  21:03  Drone, Spore Crawler x3  
  163  21:04  Drone  
  163  21:07  Drone x2  
  97  21:34  Roach x9  
  97  21:35  Roach  
  91  22:07  Ravager x7  
  83  22:22  Roach  
  81  22:23  Roach x14  
  92  22:44  Ravager x3  
  92  22:45  Ravager x6  
  92  22:46  Ravager  
  91  22:52  Roach x6  
  63  23:08  Roach x3  
  63  23:09  Roach  
  52  23:29  Zergling x8  
  52  23:30  Zergling x8  
Show
View Real Time Build Order
Export as new Build Order

Mark Terran - Winner!

Build Orders: Reaper Expand 

Get SALT Encoding   

  12  0:00  SCV  
  13  0:13  SCV  
  14  0:18  Supply Depot  
  14  0:25  SCV  
  15  0:29  Refinery  
  15  0:40  SCV  
  16  0:46  Barracks  
  16  0:52  SCV  
  17  0:57  Refinery  
  17  1:04  SCV  
  18  1:16  SCV  
  19  1:33  Reaper  
  19  1:35  Orbital Command  
  20  1:54  Command Center  
  20  2:04  Factory  
  20  2:10  Barracks Reactor  
  20  2:11  SCV  
  21  2:18  Refinery  
  21  2:25  SCV  
  21  2:28  Supply Depot  
  22  2:37  SCV  
  23  2:50  SCV  
  24  2:52  Factory  
  24  2:58  Hellion x2  
  28  3:00  Barracks Reactor  
  28  3:04  SCV  
  29  3:11  Orbital Command  
  29  3:19  Cyclone  
  32  3:21  SCV  
  33  3:29  Cyclone  
  33  3:33  SCV  
  37  3:45  Supply Depot  
  37  3:49  Hellion x2  
  37  3:50  SCV  
  37  3:51  SCV  
  43  4:00  Cyclone  
  46  4:06  Supply Depot  
  46  4:07  SCV  
  49  4:15  Hellion  
  49  4:16  Cyclone  
  52  4:19  SCV  
  53  4:31  Cyclone  
  56  4:32  Hellion  
  58  4:45  Cyclone  
  61  4:46  SCV  
  61  4:49  SCV  
  54  5:04  SCV, Cyclone  
  54  5:05  SCV  
  57  5:17  SCV  
  57  5:20  SCV  
  56  5:25  Command Center  
  56  5:29  SCV  
  56  5:30  Supply Depot  
  56  5:32  SCV  
  56  5:34  Hellion x2  
  56  5:35  Supply Depot  
  62  5:39  Armory  
  62  5:49  Supply Depot  
  62  5:50  Engineering Bay  
  62  5:52  SCV x2, Hellion x2  
  62  5:56  Widow Mine x2  
  68  6:00  Supply Depot  
  68  6:02  Refinery  
  68  6:04  SCV x2  
  74  6:05  Refinery  
  74  6:16  SCV x2  
  71  6:27  Cyclone  
  71  6:28  Cyclone x2  
  71  6:29  SCV x2  
  82  6:34  Widow Mine  
  82  6:35  Supply Depot  
  84  6:41  SCV x2  
  84  6:45  Terran Vehicle Weapons Level 1  
  84  6:46  Supply Depot  
  86  6:53  SCV  
  87  6:55  SCV  
  87  7:00  Factory  
  88  7:05  SCV  
  88  7:07  SCV  
  75  7:25  Cyclone x2  
  75  7:28  SCV x2  
  75  7:29  Planetary Fortress  
  71  7:33  Refinery  
  71  7:34  Refinery  
  71  7:35  Hellion  
  71  7:36  Hellion  
  75  7:40  SCV x2  
  75  7:42  Factory  
  75  7:45  Factory Tech Lab  
  75  7:52  SCV  
  75  7:53  SCV  
  75  7:57  Supply Depot  
  77  7:59  Supply Depot  
  77  8:02  Missile Turret  
  77  8:04  Missile Turret x2, SCV  
  77  8:05  Missile Turret, SCV  
  79  8:06  Missile Turret  
  79  8:07  Missile Turret, SCV  
  79  8:08  Missile Turret  
  79  8:09  Hellion  
  79  8:10  Hellion  
  84  8:15  Factory  
  84  8:16  SCV  
  84  8:17  SCV  
  84  8:19  SCV  
  87  8:21  Supply Depot  
  87  8:25  Armory  
  87  8:27  Factory Tech Lab  
  87  8:28  SCV, Infernal Pre-Igniter  
  87  8:29  SCV  
  87  8:31  SCV  
  87  8:32  Hellion  
  92  8:37  Missile Turret  
  92  8:40  SCV  
  93  8:41  SCV  
  93  8:43  SCV, Supply Depot  
  93  8:47  Hellion x2  
  99  8:49  Supply Depot, Siege Tank  
  99  8:52  SCV, Terran Vehicle Weapons Level 2  
  103  9:07  Factory Tech Lab  
  103  9:08  Command Center, Siege Tank  
  108  9:10  Hellion  
  108  9:21  Siege Tank  
  105  9:35  Siege Tank  
  105  9:36  Hellion x4  
  114  9:40  Siege Tank  
  112  9:53  Siege Tank  
  112  9:57  Hellion x2  
  112  9:58  Hellion x2  
  118  10:03  Terran Vehicle And Ship Armor Level 1  
  118  10:07  Siege Tank  
  118  10:12  Hellion  
  123  10:16  Command Center  
  123  10:19  Hellion x4  
  123  10:20  Supply Depot x2  
  131  10:25  Thor  
  131  10:26  Starport  
  137  10:33  Siege Tank  
  140  10:39  Command Center  
  140  10:40  Hellion x2  
  144  10:43  Hellion x3  
  144  10:45  Supply Depot  
  150  11:01  Siege Tank  
  153  11:04  Supply Depot  
  153  11:05  Thor  
  153  11:08  Thor  
  164  11:21  Hellion x3  
  164  11:22  Hellion  
  172  11:28  Terran Vehicle Weapons Level 3  
  162  11:33  Thor  
  160  11:42  Hellion  
  160  11:43  Hellion x3  
  164  11:48  Siege Tank  
  164  11:51  Hellion  
  163  12:04  Hellion x3  
  163  12:05  Hellion  
  169  12:12  Siege Tank  
  166  12:16  Hellion  
  166  12:20  Siege Tank  
  171  12:25  Hellion x2  
  171  12:26  Hellion x2  
  169  12:37  Siege Tank  
  169  12:41  Terran Vehicle And Ship Armor Level 2  
  158  12:45  Siege Tank  
  158  12:47  Hellion x4  
  167  12:52  Siege Tank  
  163  13:08  Hellion x3  
  163  13:09  Siege Tank  
  163  13:10  Orbital Command  
  163  13:11  Hellion  
  169  13:17  Siege Tank  
  172  13:24  Siege Tank  
  175  13:27  Command Center  
  175  13:29  Hellion  
  173  13:41  Refinery  
  173  13:45  Refinery  
  133  14:14  Hellion x7  
  120  14:35  Hellion  
  120  14:36  Hellion x6, Supply Depot  
  120  14:37  Supply Depot  
  134  14:56  Hellion  
  134  14:57  Thor, Hellion x4  
  134  14:58  Planetary Fortress  
  142  15:09  Thor  
  148  15:18  Thor, Hellion  
  143  15:33  Hellion x3  
  143  15:35  SCV  
  133  15:36  SCV  
  133  15:39  Thor  
  133  15:40  Refinery  
  133  15:41  Refinery  
  137  15:52  Thor  
  143  15:57  Command Center  
  143  16:01  Thor  
  141  16:08  Hellion x2  
  141  16:09  SCV  
  146  16:22  Thor  
  146  16:24  Starport  
  146  16:25  Terran Vehicle And Ship Armor Level 3  
  152  16:26  Starport, Terran Ship Weapons Level 1  
  152  16:27  Hellion x2  
  152  16:29  Hellion  
  158  16:45  Orbital Command  
  158  16:46  Orbital Command  
  158  16:51  Refinery  
  158  16:53  Refinery  
  119  17:10  Hellion, Siege Tank x3  
  119  17:11  Hellion x2  
  119  17:12  Hellion  
  130  17:26  Starport Tech Lab  
  130  17:30  Fusion Core  
  130  17:32  Hellion  
  130  17:33  Hellion, Starport Tech Lab  
  134  17:39  SCV x3  
  134  17:41  SCV  
  134  17:42  Siege Tank x2  
  144  17:49  Hellion  
  144  17:50  Hellion  
  144  17:51  SCV x3  
  151  18:00  Banshee x2  
  151  18:02  Hellion  
  151  18:03  Hellion  
  161  18:06  Missile Turret  
  161  18:10  Hellion  
  161  18:11  Hellion x2  
  167  18:14  Thor x2  
  173  18:20  Planetary Fortress  
  173  18:21  SCV  
  173  18:22  SCV x2  
  173  18:25  Weapon Refit  
  163  18:43  Battlecruiser, Banshee  
  172  18:50  Terran Ship Weapons Level 2  
  140  19:28  Refinery  
  140  19:29  Refinery  
  134  19:32  Siege Tank x3  
  134  19:33  Hellion x4  
  134  19:36  Starport Tech Lab  
  149  19:40  SCV x2  
  151  19:48  Battlecruiser  
  157  19:54  Hellion, Hellbat  
  157  19:55  Hellion x2  
  165  20:00  Supply Depot  
  165  20:04  Thor, Hellion  
  165  20:05  Hellion  
  175  20:09  Missile Turret  
  175  20:16  Hellion x3  
  175  20:17  Hellion  
  175  20:18  Banshee  
  184  20:25  Thor  
  184  20:26  Hellion  
  144  20:40  Hellion x2  
  144  20:41  Hellion x2  
  152  20:47  Siege Tank x2  
  158  20:52  Battlecruiser  
  164  21:01  Starport Tech Lab, Cyclone  
  164  21:02  Hellion, Cyclone  
  172  21:05  Hellion  
  172  21:08  Siege Tank  
  175  21:19  Hellion, Siege Tank  
  175  21:24  Hellion  
  151  21:26  Hellion  
  149  21:34  Hellion x2  
  151  21:41  Hellion x2  
  151  21:45  Hellion  
  148  21:48  Hellion  
  148  21:51  Hellion  
  150  21:56  Battlecruiser  
  153  22:11  Hellion x4  
  146  22:32  SCV x2  
  146  22:33  SCV  
  152  22:44  Battlecruiser  
  145  23:00  Banshee  
  145  23:01  Hellion x7  
  136  23:22  Hellion x3  
  142  23:36  Siege Tank  
  142  23:38  Hellion  
Tags
 
Add a new tag
Caveats
  • Supply blocks, unpowered buildings, or Contaminate may cause inaccurate times.
  • Supply counts are checked every 10 seconds.